 Dungeon Crawl Stone Soup version 0.23.2 (webtiles) character file.

Game seed: 18264342030345084865

1252 Fang the Skirmisher (level 8, -11/78 HPs)
             Began as a Gargoyle Berserker on Apr 8, 2019.
             Was a Priest of Trog.
             Mangled by an ogre
             ... wielding a +0 giant club
              (13 damage)
             ... on level 4 of the Dungeon.
             The game lasted 00:05:38 (3102 turns).

Fang the Skirmisher (Gargoyle Berserker)            Turns: 3102, Time: 00:05:39

Health: -11/78     AC: 18    Str: 28    XL:     8   Next: 51%
Magic:  8/8        EV:  9    Int:  8    God:    Trog [***...]
Gold:   243        SH:  0    Dex:  9    Spells: 7/7 levels left

rFire    . . .     SeeInvis .   a - -1 battleaxe (curse)
rCold    . . .     Gourm    .   (shield currently unavailable)
rNeg     + . .     Faith    .   b - +0 plate armour
rPois    ∞         Spirit   .   (no helmet)
rElec    +         Reflect  .   (no cloak)
rCorr    .         Harm     .   (no gloves)
MR       .....                  (no boots)
Stlth    ..........             (no amulet)
HPRegen  0.23/turn              m - ring of flight
MPRegen  0.11/turn              (no ring)

@: berserking, very quick
A: negative energy resistance 1, electricity resistance, unbreathing,
petrification resistance, rot immunity, AC +5
a: Berserk, Trog's Hand, Renounce Religion, Evoke Flight


You were on level 4 of the Dungeon.
You worshipped Trog.
Trog was most pleased with you.
You were very hungry.

You visited 2 branches of the dungeon, and saw 5 of its levels.

You collected 243 gold pieces.

Inventory:

Hand Weapons
 a - a cursed -1 battleaxe (weapon)
Armour
 b - a +0 plate armour (worn)
Jewellery
 m - a ring of flight (left hand)
Scrolls
 e - 7 scrolls of identify {unknown}
 i - a scroll of noise {unknown}
 j - a scroll of random uselessness {unknown}
 k - a scroll of fear {unknown}
 l - 4 scrolls of enchant armour {unknown}
 o - 5 scrolls of magic mapping {unknown}
 p - 2 scrolls of remove curse {unknown}
 q - a scroll of fog {unknown}
Potions
 d - a potion of invisibility {unknown}
 f - a potion of flight {unknown}
 g - a potion of resistance {unknown}
 h - a potion of berserk rage {unknown}
 n - a potion of cancellation {unknown}
 s - a potion of curing {unknown}
 t - a potion of haste {unknown}
 u - a potion of agility {unknown}
Comestibles
 c - 8 rations


   Skills:
 + Level 6.4 Fighting
 + Level 5.2 Axes
 + Level 5.8 Armour
 + Level 4.3 Dodging


You had 7 spell levels left.
You didn't know any spells.
Your spell library was empty.

Dungeon Overview and Level Annotations

Branches:
Dungeon (4/15)             Temple (1/1) D:4

Altars:
Ashenzari
Gozag
Kikubaaqudgha
Yredelemnul
Zin


Innate Abilities, Weirdness & Mutations

You are resistant to torment.
Your stone body is resilient. (AC +5)
You are immune to poison.
You resist negative energy. (rN+)
You are resistant to electric shocks. (rElec)
You can survive without breathing.
You are immune to petrification.
You are immune to rotting.


Message History

You are too injured to fight recklessly!
You are too injured to fight recklessly!
You are too injured to fight recklessly!
You are too injured to fight recklessly!
You are too injured to fight recklessly!
You are too injured to fight recklessly!
You are too injured to fight recklessly!
You hit the ogre.
The ogre is moderately wounded.
The ogre hits you with a +0 giant club!!
* * * LOW HITPOINT WARNING * * *
A red film seems to cover your vision as you go berserk!
You feel yourself moving faster!
You feel mighty!
You are feeling very hungry.
The ogre hits you with a +0 giant club!
* * * LOW HITPOINT WARNING * * *
You hit the ogre.
The ogre is heavily wounded.
The ogre hits you with a +0 giant club!
You die...

#### ..# .. #.#
###..###.##### ............#
#..###.###.#
.###..###.###.###### .#.
......O@..##.......# ...
......######..####.# #.#
##### #....##.# #.#
##########.##.##.# ## #.#
#.......##.##.##.# .#####.#
#.......##.......#
....##.#####<......##..>....#
.......##..........##.##.##.#
....#.###.##.......##. #.##.#


You could see an ogre.

Vanquished Creatures
  The ghost of hawla the Chopper, a novice MiBe of Trog (D:3)
  Eustachio (D:4)
  Menkaure (D:3)
  2 ogres (D:4)
  4 orc wizards (D:4)
  A centaur skeleton (D:4)
  4 orc priests (D:4)
  3 iguanas
  A worker ant (D:4)
  4 adders
  An ooze (D:3)
  A dart slug (D:3)
  3 leopard geckos
  13 orcs
  13 bats
  5 giant cockroaches
  12 goblins
  11 hobgoblins
  5 jackals
  3 quokkas
  A ball python (D:2)
  A ball python skeleton (D:3)
  7 frilled lizards
  10 kobolds
  7 rats
115 creatures vanquished.

Notes
Turn   | Place    | Note
-------+----------+-------------------------------------------
     0 | D:1      | Fang the Gargoyle Berserker began the quest for the Orb.
     0 | D:1      | Reached XP level 1. HP: 14/14 MP: 1/1
    93 | D:1      | Reached XP level 2. HP: 14/19 MP: 2/2
   479 | D:1      | Reached XP level 3. HP: 21/23 MP: 3/3
   719 | D:2      | Reached ** piety under Trog
   845 | D:2      | Reached XP level 4. HP: 16/29 MP: 4/4
  1192 | D:2      | Reached skill level 4 in Fighting
  1578 | D:3      | Reached XP level 5. HP: 30/33 MP: 5/5
  1595 | D:3      | Reached *** piety under Trog
  1738 | D:3      | Found an ancient bone altar of Kikubaaqudgha.
  1738 | D:3      | Found a basalt altar of Yredelemnul.
  1739 | D:3      | Noticed Menkaure
  1749 | D:3      | Found a transporter.
  1765 | D:3      | Found a transporter.
  1802 | D:3      | Killed Menkaure
  1802 | D:3      | Reached XP level 6. HP: 29/39 MP: 6/6
  1862 | D:3      | Identified Xaichawi's Intricacies of Witchery
  2289 | D:3      | Found a runed translucent door.
  2292 | D:3      | Noticed hawla's ghost (novice MiBe)
  2347 | D:3      | Found an opulent altar of Gozag.
  2347 | D:3      | Found a glowing silver altar of Zin.
  2524 | D:3      | Killed hawla's ghost
  2524 | D:3      | Reached skill level 5 in Fighting
  2524 | D:3      | Reached XP level 7. HP: 42/44 MP: 7/7
  2610 | D:4      | Found a staircase to the Ecumenical Temple.
  2632 | D:4      | Reached **** piety under Trog
  2681 | Temple   | Entered the Ecumenical Temple
  2719 | D:4      | Noticed Eustachio
  2725 | D:4      | Reached skill level 5 in Armour
  2731 | D:4      | Reached XP level 8. HP: 51/51 MP: 8/8
  2760 | D:4      | Killed Eustachio
  2760 | D:4      | Reached skill level 6 in Fighting
  2846 | D:4      | Reached skill level 5 in Axes
  3101 | D:4      | HP: 2/78 [ogre/+0 giant club (10)]
  3102 | D:4      | Mangled by an ogre

Skill      XL: |  1  2  3  4  5  6  7  8 |
---------------+-------------------------+-----
Dodging        | 2 3 4 |  4.3
Axes           | 3 4 5 |  5.2
Armour         | 3 4 5 |  5.8
Fighting       | 4 5 6 |  6.4

Action                   |  1- 3 |  4- 6 |  7- 9 || total
-------------------------+-------+-------+-------++-------
Melee: Hand axe          |    94 |   238 |    92 ||   424
       Battleaxe         |       |       |    11 ||    11
Invok: Berserk           |     1 |     2 |     3 ||     6
       Trog's Hand       |       |     1 |     1 ||     2
 Abil: Evoke Flight      |       |     1 |       ||     1
  Eat: Chunk             |     1 |     6 |     3 ||    10
       Ration            |       |       |     1 ||     1
Armor: Animal skin       |    62 |    18 |       ||    80
       Plate armour      |       |   194 |    94 ||   288
Dodge: Dodged            |    95 |   139 |    51 ||   285
